 Dungeon Crawl Stone Soup version 0.30-a0-782-ge64f9170bb (console) character file.

Game seed: 13553507765470830307

102239 Banquo the Thaumaturge (level 16, -13/117 HPs)
             Began as a Djinni Air Elementalist on Feb 21, 2023.
             Was the Champion of Cheibriados.
             Mangled by Agnes
             ... wielding a +2 lajatang of speed
              (19 damage)
             ... on level 14 of the Dungeon.
             The game lasted 01:54:18 (26123 turns).

Banquo the Thaumaturge (Djinni Air Elementalist)   Turns: 26123, Time: 01:54:19

Health: -13/117    AC:  6    Str: 20    XL:     16   Next: 85%
Gold:   2355       EV: 22    Int: 39    God:    Cheibriados [******] SH: 27 Dex: 36

rFire   + + +      SeeInvis .    a - staff of air
rCold   + + .      Faith    .    i - +2 tower shield {rC+}
rNeg    . . .      Spirit   .    d - +0 ring mail of Ykadghia {rC+ Regen+ Str-2}
rPois   ∞          Reflect  +    (no helmet)
rElec   +          Harm     .    e - scarf {rC+ rF+}
rCorr   .          Rampage  .    (no gloves)
Will    +....                    (boots unavailable)
Stlth   +++++                    M - amulet of reflection
HPRegen 1.19/turn                D - +6 ring of dexterity
MPRegen 0.00/turn                x - ring of wizardry

@: flying, studying 2 skills, very slow
A: sickness immunity, fire resistance 2, cold vulnerability 1, float, innate
caster, HP casting, extra vitality 1
a: Renounce Religion, Bend Time, Temporal Distortion, Slouch, Step From Time


You were on level 14 of the Dungeon.
You worshipped Cheibriados.
Cheibriados was exalted by your worship.
You visited 3 branches of the dungeon, and saw 21 of its levels.
You also visited: Sewer, Ice Cave and Volcano.

You collected 2355 gold pieces.

Inventory:

Hand Weapons
 b - a +0 broad axe of freezing
 c - a +1 vampiric broad axe
 O - a +1 war axe of protection
Missiles
 o - a throwing net
 w - 7 curare-tipped darts
 P - 8 boomerangs
Armour
 d - the +0 ring mail of Ykadghia (worn) {rC+ Regen+ Str-2}
   (You found it on level 2 of the Lair of Beasts)

   Str:       It affects your strength (-2).
   rC:        It protects you from cold.
   Regen:     It increases your rate of health regeneration.
 e - a scarf of resistance (worn)
 i - a +2 tower shield of cold resistance (worn)
Magical Staves
 a - a staff of air (weapon)
 A - a staff of conjuration
Jewellery
 g - a ring of protection from fire
 x - a ring of wizardry (right hand)
 z - a ring of resist corrosion
 D - a +6 ring of dexterity (left hand)
 E - a +6 ring of intelligence
 M - an amulet of reflection (around neck)
 S - a ring of see invisible
Wands
 j - a wand of digging (14)
 r - a wand of mindburst (3)
 C - a wand of iceblast (22)
 G - a wand of acid (26)
Scrolls
 f - 5 scrolls of fog
 m - a scroll of magic mapping
 s - a scroll of summoning
 v - 4 scrolls of blinking
 y - 14 scrolls of teleportation {unknown}
 B - a scroll of brand weapon
 K - 5 scrolls of fear
 R - 4 scrolls of identify
Potions
 h - 3 potions of might
 k - 8 potions of curing
 l - 3 potions of ambrosia
 n - 2 potions of berserk rage
 p - a potion of invisibility
 q - 11 potions of heal wounds
 u - 2 potions of brilliance
 H - a potion of cancellation
 I - 3 potions of resistance
Miscellaneous
 F - a condenser vane


   Skills:
 * Level 11.5 Fighting
 * Level 4.1 Axes
 * Level 7.4 Armour
 * Level 11.6 Dodging
 - Level 9.0 Stealth
 * Level 5.5 Shields
 + Level 14.7 Spellcasting
 - Level 10.0 Invocations


You had 9 spell levels left.
You knew the following spells:

 Your Spells              Type           Power      Damage    Failure   Level
a - Shock                 Conj/Air       100%       1d9       1%          1
c - Death Channel         Necr           48%        N/A       2%          6
d - Static Discharge      Conj/Air       100%       2-7/arc   1%          2
e - Necrotise             Necr           100%       1d9       1%          1
l - Summon Lightning Spi  Summ/Air       100%       N/A       1%          4
t - Confusing Touch       Hex            97%        N/A       1%          3
x - Airstrike             Air            60%        2d(9-25)  1%          4
y - Yara's Violent Unrav  Hex/Tmut       48%        3d19      1%          5
z - Scorch                Fire           100%       2d10      1%          2
L - Ice Form              Ice/Tmut       97%        N/A       1%          4
M - Swiftness             Air            100%       N/A       1%          3
Your spell library was empty.

Dungeon Overview and Level Annotations

Branches:
Dungeon (14/15)            Temple (0/1) D:6            Lair (5/5) D:9
  Swamp (0/4) Lair:2        Snake (0/4) Lair:2        Slime (0/5) Lair:5
    Orc (2/2) D:11            Elf (0/3) Orc:2        Vaults (0/5) D:13
  Sewer (visited)           IceCv (visited)         Volcano (visited)

Altars:
Ashenzari
Cheibriados
Yredelemnul
Jiyva

Shops:
Orc:2 ?(:?

Annotations:
D:3 2 runed translucent doors, TryHard88's ghost, weakling MiFi
D:14 Agnes
Orc:1 2 transporters


Innate Abilities, Weirdness & Mutations

You are immune to sickness and miasma.
You are immune to poison.
Your flesh is very heat resistant. (rF++)
You are vulnerable to cold. (rC-)
You float through the air rather than walking.
You learn spells naturally, not from books.
Your magical power is your life essence.
You have superior vitality. (+4 MHP)


Message History

Confirm with . or Enter, or press ? or * to list all spells.
You feel a surge of power!
An electric hum fills the air.
Agnes asks, "Have you seen my kris anywhere?"
Agnes misses you. Agnes completely misses you. You block Agnes's attack.
Your lightning spire shoots out a bolt of lightning at Agnes!
The bolt of electricity misses Agnes.
You block Agnes's attack.
Agnes hits you with a +2 lajatang of speed!!
You block Agnes's attack. Agnes barely misses you. You block Agnes's attack.
Agnes attacks as you move away! Agnes misses you.
Agnes hits your lightning spire with a +2 lajatang of speed! x3
Agnes hits your lightning spire with a +2 lajatang of speed!!
Agnes hits your lightning spire with a +2 lajatang of speed!!!
Your lightning spire is destroyed!
Your lightning spire disappears in a puff of smoke!
Casting: Summon Lightning Spire (safe; 1% risk of failure)
Confirm with . or Enter, or press ? or * to list all spells.
You feel a surge of power!
An electric hum fills the air.
You block Agnes's attack. x2
Aiming: Airstrike (safe; 1% risk of failure)
Press: ? - help, Q - select action, (/) - cycle Dir - move target, f - Agnes
Aim: Agnes, wielding a +2 lajatang of speed and wearing a +0 robe (ally target, empty space bonus: 7/8)
You feel a surge of power!
The air twists around and strikes Agnes!!
Agnes is lightly wounded.
Agnes hits you with a +2 lajatang of speed!!
Agnes hits you with a +2 lajatang of speed!!!
* * * LOW HITPOINT WARNING * * *
You block Agnes's attack.
You hear an angry hiss.
You block Agnes's attack. x3; Agnes completely misses you.
Agnes asks, "Have you seen my kris anywhere?"
You block Agnes's attack.
Your lightning spire shoots out a bolt of lightning at Agnes!
The bolt of electricity hits Agnes!
You block Agnes's attack. x2
Agnes hits you with a +2 lajatang of speed!!
* * * LOW HITPOINT WARNING * * *
Agnes hits you with a +2 lajatang of speed!!
You die...

.... #..#.. . #.....
.# # #..#.# .#.##.
####..#.####.#....
.................
###......?./....#
...........#.#..#.
.......@i.........
......#8..........##
###.................
.....##.#....##..>..
....................
...................#
##...##.#...#......#
#...##.#..........#
#......#...<....#


You could see Agnes (ally target) and a friendly lightning spire (summoned).

Vanquished Creatures
  Rupert (Orc:2)
  An ettin (D:13)
  4 hydras (Lair:5)
  Erolcha (D:9)
  2 ogre magi (Orc:2)
  A centaur warrior (D:13)
  A boulder beetle (D:12)
  7 death yaks
  3 two-headed ogres
  4 hell knights (D:13)
  Nergalle (Orc:2)
  A sun demon (Volcano)
  A skyshark (Lair:3)
  5 manticores
  6 orc sorcerers
  2 ugly things
  6 cyclopes
  13 elephants
  Joseph (D:7)
  A torpor snail (D:9)
  3 black mambas
  An ice statue (IceCv)
  9 cane toads
  A molten gargoyle (Volcano)
  5 komodo dragons
  2 freezing wraiths
  2 rime drakes
  3 ice devils
  2 trolls
  2 polar bears
  Prince Ribbit (D:8)
  11 blink frogs
  8 dream sheep
  10 slime creatures
  A shadow (D:12)
  A wyvern (D:8)
  48 yaks
  7 fire bats (Volcano)
  3 steam dragons
  7 vampire mosquitoes
  A basilisk (Lair:2)
  A death yak simulacrum (IceCv)
  2 swamp worms (Lair:2)
  8 hell hounds
  8 water moccasins
  A hydra simulacrum (IceCv)
  19 orc warriors
  An ice beast (D:6)
  3 black bears
  A sky beast (D:8)
  7 ogres
  11 wolves
  6 centaurs
  14 bullfrogs
  8 kobold brigands
  A necrophage (D:4)
  2 cane toad simulacra (IceCv)
  2 two-headed ogre simulacra (IceCv)
  14 wights
  2 elephant simulacra (IceCv)
  6 jellies
  8 killer bees
  4 howler monkeys
  7 electric eels
  3 lava snakes (Volcano)
  8 orc priests
  A gnoll bouda (Orc:1)
  2 iguanas
  Ijyb (D:5)
  2 hell rats (D:7)
  29 orc wizards
  2 polar bear simulacra (IceCv)
  2 spriggan simulacra (IceCv)
  4 troll simulacra (IceCv)
  2 wolf simulacra (IceCv)
  15 gnolls
  A naga simulacrum (IceCv)
  6 adders
  14 river rats
  A shadow imp (D:7)
  5 white imps (IceCv)
  3 ufetubi (IceCv)
  3 worms (D:5)
  A dart slug (D:1)
  64 orcs
  8 ball pythons
  5 endoplasms
  6 giant cockroaches
  5 goblins
  9 hobgoblins
  7 jackals
  27 kobolds
  10 quokkas
  3 bats
  8 frilled lizards
  20 rats
603 creatures vanquished.

Vanquished Creatures (collateral kills)
  Jorgrun (Orc:2)
  A reaper (IceCv)
  4 catoblepae (Lair:5)
  3 boulder beetles
  A two-headed ogre (D:13)
  3 death yaks (Lair:5)
  4 hell knights (D:13)
  A skyshark (Lair:5)
  A wizard (D:13)
  A bog body (Lair:2)
  2 necromancers (D:13)
  3 orc sorcerers
  A molten gargoyle (Volcano)
  9 elephants
  2 torpor snails
  3 cane toads
  2 komodo dragons (Lair:5)
  2 polar bears (Lair:4)
  2 blink frogs (Lair:5)
  3 dream sheep (Lair:2)
  4 slime creatures
  2 wraiths (D:13)
  35 yaks
  2 wyverns
  2 basilisks (Lair:5)
  A vampire mosquito (D:13)
  A death yak simulacrum (IceCv)
  2 swamp worms (Lair:2)
  3 water moccasins
  3 hell hounds
  A black bear (Lair:2)
  2 orc warriors
  8 wolves
  An ogre (Orc:2)
  A gnoll sergeant (D:10)
  A cane toad simulacrum (IceCv)
  2 two-headed ogre simulacra (IceCv)
  An elephant simulacrum (IceCv)
  4 killer bees (D:10)
  2 lava snakes (Volcano)
  7 orc wizards
  A polar bear simulacrum (IceCv)
  A spriggan simulacrum (IceCv)
  2 wolf simulacra (IceCv)
  3 gnolls (D:10)
  3 naga simulacra (IceCv)
  3 white imps (IceCv)
  2 ufetubi (IceCv)
  4 orcs
153 creatures vanquished.

Vanquished Creatures (others)
  An orc (Orc:2)
  34 fungi
  115 plants
150 creatures vanquished.

Grand Total: 906 creatures vanquished

Notes
Turn   | Place    | Note
-------+----------+-------------------------------------------
     0 | D:1      | Banquo the Djinni Air Elementalist began the quest for the
                  | Orb.
     0 | D:1      | Banquo set off with the following spells memorised: Shock,
                  | Static Discharge, Swiftness, Airstrike.
     0 | D:1      | Reached XP level 1. HP: 15/15 MP: 0/0
   115 | D:1      | Reached XP level 2. HP: 13/22 MP: 0/0
   807 | D:2      | Reached skill level 3 in Spellcasting
   808 | D:2      | Reached XP level 3. HP: 22/26 MP: 0/0
   808 | D:2      | Learned a level 1 spell: Necrotise
   844 | D:2      | Reached skill level 1 in Fighting
  1253 | D:3      | Found a runed translucent door.
  1361 | D:3      | Reached XP level 4. HP: 29/32 MP: 0/0
  1372 | D:3      | Found a broken altar of Ashenzari.
  1372 | D:3      | Found a basalt altar of Yredelemnul.
  1374 | D:3      | Found a snail-covered altar of Cheibriados.
  1388 | D:3      | Became a worshipper of Cheibriados the Contemplative
  1461 | D:3      | Noticed TryHard88's ghost (weakling MiFi)
  1960 | D:3      | Found a runed translucent door.
  2235 | D:4      | Reached * piety under Cheibriados
  2236 | D:4      | Reached XP level 5. HP: 27/37 MP: 0/0
  2236 | D:4      | Learned a level 2 spell: Scorch
  2305 | D:4      | Reached skill level 4 in Spellcasting
  2899 | D:4      | Noticed an ogre
  2906 | D:4      | Killed an ogre
  2907 | D:4      | Reached XP level 6. HP: 13/43 MP: 0/0
  3548 | D:5      | Entered Level 5 of the Dungeon
  3653 | D:5      | Found a glowing drain.
  3665 | Sewer    | Entered a sewer
  3702 | Sewer    | Reached skill level 5 in Spellcasting
  3702 | Sewer    | Reached XP level 7. HP: 42/49 MP: 0/0
  3702 | Sewer    | Learned a level 3 spell: Confusing Touch
  3781 | Sewer    | Reached ** piety under Cheibriados
  4280 | Sewer    | Reached XP level 8. HP: 50/56 MP: 0/0
  4401 | D:5      | Reached *** piety under Cheibriados
  4434 | D:5      | Reached skill level 6 in Spellcasting
  4862 | D:5      | Noticed Ijyb
  4883 | D:5      | Killed Ijyb
  5994 | D:6      | Found a staircase to the Ecumenical Temple.
  6009 | D:6      | Reached skill level 1 in Invocations
  6327 | D:6      | Reached skill level 1 in Armour
  6810 | D:7      | Reached XP level 9. HP: 13/62 MP: 0/0
  6810 | D:7      | Learned a level 4 spell: Ice Form
  6810 | D:7      | HP: 3/74 [killer bee (4)]
  6820 | D:7      | Reached skill level 7 in Spellcasting
  7171 | D:7      | Reached skill level 5 in Dodging
  7814 | D:7      | Noticed Joseph
  7822 | D:7      | Killed Joseph
  7824 | D:7      | Reached **** piety under Cheibriados
  8642 | D:7      | Reached ***** piety under Cheibriados
  8829 | D:7      | Reached skill level 8 in Spellcasting
  8895 | D:8      | Reached XP level 10. HP: 66/69 MP: 0/0
  8934 | D:8      | Reached skill level 5 in Fighting
  9594 | D:8      | Identified the +4 flail "Wehomow" {flame, rPois rN+}
  9916 | D:8      | Reached skill level 9 in Spellcasting
 10211 | D:8      | Noticed Prince Ribbit
 10213 | D:8      | Killed Prince Ribbit
 10679 | D:9      | Noticed Erolcha
 10719 | D:9      | Noticed an elephant
 10728 | D:9      | Reached XP level 11. HP: 55/76 MP: 0/0
 10728 | D:9      | Learned a level 4 spell: Summon Lightning Spire
 10740 | D:9      | Killed an elephant
 10894 | D:9      | Found a staircase to the Lair.
 11081 | D:9      | Killed Erolcha
 11778 | D:10     | Entered Level 10 of the Dungeon
 11883 | Lair:1   | Entered Level 1 of the Lair of Beasts
 11886 | Lair:1   | Reached skill level 10 in Spellcasting
 12108 | Lair:1   | Reached skill level 5 in Invocations
 12140 | Lair:1   | Reached ****** piety under Cheibriados
 12365 | Lair:1   | Reached skill level 5 in Stealth
 12462 | Lair:1   | Reached XP level 12. HP: 65/85 MP: 0/0
 12896 | Lair:1   | Reached XP level 13. HP: 94/94 MP: 0/0
 12896 | Lair:1   | Learned a level 5 spell: Yara's Violent Unravelling
 12947 | Lair:1   | Reached skill level 11 in Spellcasting
 14406 | Lair:2   | Identified the +0 ring mail of Ykadghia {rC+ Regen+ Str-2}
 14647 | Lair:2   | Found a staircase to the Snake Pit.
 14790 | Lair:2   | Found a staircase to the Swamp.
 15484 | Lair:3   | Reached skill level 12 in Spellcasting
 15613 | Lair:3   | Reached XP level 14. HP: 89/102 MP: 0/0
 16369 | Lair:4   | Reached skill level 10 in Fighting
 16371 | Lair:4   | Reached skill level 5 in Armour
 16376 | Lair:4   | Reached skill level 1 in Shields
 16475 | Lair:4   | Found a dark tunnel.
 16488 | Volcano  | Entered a volcano
 16649 | Volcano  | Found a bloodstained altar of Trog.
 16755 | Volcano  | Reached skill level 10 in Dodging
 17839 | Lair:5   | Entered Level 5 of the Lair of Beasts
 17919 | Lair:5   | Found a viscous altar of Jiyva.
 18091 | Lair:5   | Found a staircase to the Slime Pits.
 18135 | Lair:5   | Reached skill level 1 in Axes
 18135 | Lair:5   | Reached skill level 13 in Spellcasting
 18196 | Lair:5   | Reached XP level 15. HP: 100/109 MP: 0/0
 18196 | Lair:5   | Learned a level 6 spell: Death Channel
 19190 | Lair:5   | Identified the +0 scale mail of the Rose {rC+ rN++ Str-5}
 20788 | D:11     | Found a staircase to the Orcish Mines.
 21399 | D:12     | Found a frozen archway.
 21412 | IceCv    | Entered an ice cave
 21998 | IceCv    | Noticed a reaper
 22009 | IceCv    | Reached skill level 10 in Invocations
 22013 | IceCv    | Killed a reaper
 22014 | IceCv    | Reached skill level 14 in Spellcasting
 22377 | D:12     | Reached XP level 16. HP: 87/116 MP: 0/0
 22855 | Orc:1    | Entered Level 1 of the Orcish Mines
 22981 | Orc:1    | Found a transporter.
 23024 | Orc:1    | Found a transporter.
 23270 | Orc:1    | Identified the +3 lajatang of the Majestic God {protect,
                  | Fragile rCorr Str+2 Int+2}
 23360 | Orc:2    | Entered Level 2 of the Orcish Mines
 23360 | Orc:2    | Noticed Rupert
 23392 | Orc:2    | Killed Rupert
 23496 | Orc:2    | Found a staircase to the Elven Halls.
 23497 | Orc:2    | Noticed Jorgrun
 23504 | Orc:2    | Killed Jorgrun
 23832 | Orc:2    | Found Ethomote's Book Emporium.
 23886 | Orc:2    | Paralysed by something for 2 turns
 23903 | Orc:2    | Noticed Nergalle
 23905 | Orc:2    | Killed Nergalle
 24011 | Orc:2    | Found Ceukoc's Magic Scroll Emporium.
 24023 | Orc:2    | Found Nucloc's Antique Weapon Shoppe.
 24024 | Orc:2    | Found Caolalus's Magic Scroll Shoppe.
 24646 | D:13     | Reached skill level 5 in Shields
 25018 | D:13     | Found a gate to the Vaults.
 26115 | D:14     | Noticed Agnes
 26123 | D:14     | Mangled by Agnes

Illustrated notes

Levels and vault maps discovered:
D:1:      erik_arrival_orb_chamber, layout_rooms, kennysheep_pointless_box
D:2:      layout_basic
D:3:      minmay_recursive_quarters, layout_loops_ring,
          grunt_temple_overflow_cloverleaf, ebering_ghost_sewer_f
D:4:      layout_loops_corners, kennysheep_generic_room_16
D:5:      layout_loops_corners, portal_sewer_entry_f, minmay_misc_feat_rugged,
          uniq_ijyb
D:6:      layout_loops_ring, minmay_temple_entry_overgrown
D:7:      lemuel_ratsnest, layout_basic, minivault_23, uniq_joseph
D:8:      layout_cave_pods, hangedman_minor_gate_pass, uniq_prince_ribbit1
D:9:      layout_long_grid, david_lair_generic, uniq_erolcha
D:10:     minmay_general_purpose_star, layout_rooms
D:11:     layout_basic, erik_orc_2
D:12:     layout_cave_pools, portal_ice_cave_demonic_guard,
          minmay_tree_intersection
D:13:     layout_cave_pools, david_vaults_4, minmay_rotating_lava
D:14:     layout_basic, serial_bayou, serial_bayou_shore_b,
          serial_bayou_shore_b, serial_bayou_crossing, serial_bayou_lagoon_a,
          bh_circular_ruins, uniq_azrael, uniq_agnes
Lair:1:   layout_gridlike
Lair:2:   layout_hall_layers, nicolae_swamp_entry_splash_gauntlet,
          minmay_snake_entry_six_corridors, serial_bayou_shore_a
Lair:3:   layout_small_grid, grunt_megastairs_4
Lair:4:   layout_hall_layers, nicolae_volcano_entry_hallway, beast_lair_carwin_5
Lair:5:   evilmike_catoblepas_cave, layout_regular_city,
          nicolae_slime_entry_field_trip, hangedman_lair_unloving_vines
Orc:1:    gammafunk_beogh_shrine, layout_caves
Orc:2:    kennysheep_orc_mage_school, layout_caves, basic_altar, uniq_jorgrun,
          uniq_rupert

Skill      XL: |  1  2  3  4  5  6  7  8  9 10 11 12 13 14 15 16 |
---------------+-------------------------------------------------+-----
Spellcasting   | 3 4 5 6 8 9 10 12 13 14 | 14.7
Fighting       | 1 2 3 4 6 7 9 10 11 | 11.5
Dodging        | 3 4 5 6 7 8 9 10 11 | 11.6
Invocations    | 1 3 4 5 7 8 9 10 | 10.0
Armour         | 1 3 4 5 6 7 |  7.4
Stealth        | 2 5 7 8 9 |  9.0
Shields        | 2 4 5 |  5.5
Axes           | 1 3 4 |  4.1

Action                     |  1- 3 |  4- 6 |  7- 9 | 10-12 | 13-15 | 16-18 || total
---------------------------+-------+-------+-------+-------+-------+-------++-------
  Melee: Unarmed           |       |       |     2 |       |       |       ||     2
         Staff             |       |       |       |       |     1 |       ||     1
   Cast: Shock             |    78 |   101 |   176 |    41 |    33 |       ||   429
         Necrotise         |       |     2 |       |       |       |       ||     2
         Scorch            |       |     1 |    57 |    15 |    26 |     4 ||   103
         Airstrike         |       |       |    30 |   146 |   537 |   224 ||   937
         Ice Form          |       |       |     1 |       |     1 |       ||     2
         Static Discharge  |       |       |       |     5 |     5 |     3 ||    13
         Summon Lightning  |       |       |       |     4 |   102 |    41 ||   147
         Death Channel     |       |       |       |       |    14 |    12 ||    26
         Yara's Violent Un |       |       |       |       |       |     2 ||     2
Ability: End Transformatio |       |       |       |       |     1 |       ||     1
    Use: Scroll            |       |       |    14 |     9 |     4 |     1 ||    28
         Potion            |       |       |     2 |     1 |       |       ||     3
 Armour: Robe              |     9 |     1 |     4 |       |       |       ||    14
         Skin              |       |       |     7 |       |       |       ||     7
         Leather armour    |       |       |     1 |     3 |     3 |       ||     7
         Ring mail         |       |       |       |       |    11 |     2 ||    13
  Dodge: Dodged            |    14 |    13 |    54 |    34 |    92 |    24 ||   231
  Block: Other             |       |       |       |     3 |    11 |       ||    14
         Kite shield       |       |       |       |       |    88 |       ||    88
         Reflection        |       |       |       |       |     4 |     9 ||    13
         Tower shield      |       |       |       |       |       |    55 ||    55

Table legend: (Time is in decaauts)
 A = Elapsed time spent in this place.
 B = Non-inter-level travel time spent in this place.
 C = Inter-level travel time spent in this place.
 D = Time resting spent in this place.
 E = Time spent auto-exploring this place.
 F = Levels seen in this place.
 G = Mean time per level.
                   A        B        C        D        E       F      G
               +--------+--------+--------+--------+--------+-----+--------+
         Total |  39415 |  34572 |   4843 |   3864 |  22731 |  24 | 1642.3 |
       Dungeon |  22453 |  19026 |   3427 |   2344 |  13630 |  14 | 1603.8 |
          Lair |  11756 |  10550 |   1206 |   1017 |   7356 |   5 | 2351.2 |
  Orcish Mines |   2673 |   2463 |    210 |    134 |   1280 |   2 | 1336.5 |
         Sewer |    869 |    869 |      0 |    105 |    419 |   1 |  869.0 |
      Ice Cave |   1140 |   1140 |      0 |    202 |     46 |   1 | 1140.0 |
       Volcano |    521 |    521 |      0 |     62 |      0 |   1 |  521.0 |
               +--------+--------+--------+--------+--------+-----+--------+

Top non-repeatable levels by time:
  Lair:1: 2873 daAuts
     D:7: 2797 daAuts
  Lair:2: 2542 daAuts
     D:9: 2502 daAuts
     D:8: 2439 daAuts
  Lair:5: 2419 daAuts
  Lair:4: 2188 daAuts
    D:11: 2131 daAuts
    D:13: 1903 daAuts
     D:4: 1809 daAuts
   Orc:2: 1768 daAuts
     D:5: 1763 daAuts
     D:6: 1741 daAuts
  Lair:3: 1731 daAuts
    D:10: 1525 daAuts
